 Dungeon Crawl Stone Soup version 0.28.0-43-g3370ac3207 (webtiles) character file.

Game seed: 13336433075925263621

140 pkoi the Charlatan (level 4, -2/51 HPs)
             Began as a Demigod Artificer on Mar 31, 2022.
             Slain by a phantom (5 damage)
             ... on level 5 of the Dungeon.
             The game lasted 00:05:39 (4063 turns).

pkoi the Charlatan (Demigod Artificer)              Turns: 4063, Time: 00:05:40

Health: -2/51      AC: 22    Str: 19    XL:     4   Next: 71%
Magic:  6/6        EV:  2    Int: 13    God:
Gold:   100        SH:  0    Dex: 14    Spells: 3/3 levels left

rFire   . . .      SeeInvis .   n - +2 hand axe (freeze)
rCold   . . .      Faith    .   (no shield)
rNeg    . . .      Spirit   .   (armour currently unavailable)
rPois   +          Reflect  .   (helmet currently unavailable)
rElec   .          Harm     .   (cloak currently unavailable)
rCorr   .          Rampage  .   (gloves currently unavailable)
Will    .....      NoTele   +   (boots currently unavailable)
Stlth   ++........              (no amulet)
HPRegen 0.17/turn               (no ring)
MPRegen 0.10/turn               (no ring)

@: tree-form
A: stationary, stasis, torment immunity, boosted hp, high MP 1, forlorn, divine
attributes, strong 1
a: no special abilities


You were on level 5 of the Dungeon.
You were a tree.
You visited 1 branch of the dungeon, and saw 4 of its levels.

You collected 100 gold pieces.

Inventory:

Hand Weapons
 a - a +0 club
 h - a +0 dagger
 l - a +0 hunting sling
 n - a +2 hand axe of freezing (weapon)
Missiles
 k - 12 sling bullets
Armour
 b - a +0 leather armour (melded)
 f - a +0 helmet (melded)
 m - a +0 pair of gloves (melded)
Wands
 c - a wand of flame (1) (quivered)
 d - a wand of charming (7)
Scrolls
 i - a scroll of fear
 j - 3 scrolls of identify
Miscellaneous
 e - a piece from Xom's chessboard (15/15)


   Skills:
 - Level 0.8 Fighting
 - Level 1.7 Armour
 - Level 0.8 Dodging
 - Level 0.8 Stealth
 + Level 2.2 Unarmed Combat
 * Level 4.5 Evocations


You had 3 spell levels left.
You didn't know any spells.
Your spell library contained the following spells:

 Spells                   Type           Power      Damage    Failure   Level
 Freeze                   Ice            0%         1d3       30%         1
 Blink                    Tloc           0%         N/A       43%         2
 Frozen Ramparts          Ice            0%         1d2       67%         3
 Lesser Beckoning         Tloc           0%         N/A       67%         3
 Hailstorm                Conj/Ice       0%         3d3       97%         4
 Manifold Assault         Tloc           0%         N/A       100%        5


Dungeon Overview and Level Annotations

Branches:
Dungeon (3/15)


Innate Abilities, Weirdness & Mutations

You are a tree.
Your roots penetrate the ground, keeping you stationary.
You cannot be teleported.
You are immune to unholy pain and torment.
Your maximum health is greatly increased.
Your equipment is partially melded.
You have an increased reservoir of magic. (+10% MP)
You shall have no god before yourself.
Your divine heritage dramatically boosts your attributes as you level up.
Your muscles are strong. (Str +2)


Message History

You kill the orc!
You closely miss the adder. The adder barely misses you. The adder bites you.
* * * LOW HITPOINT WARNING * * *
You are poisoned.
The adder poisons you!
Unknown command.
Okay, then.
Really quaff the potion of lignification?
You turn into a tree.
Your +0 helmet melds into your body.
Your +0 pair of gloves melds into your body.
Your +0 leather armour melds into your body.
Your roots penetrate the ground.
You feel sick. The adder bites you but does no damage.
The phantom hits you but does no damage.
Unknown command.
You hit the adder. You freeze the adder.
The adder is moderately wounded.
You hit the phantom.
You feel sick. The adder bites you but does no damage.
The phantom hits you but does no damage.
The adder bites you but does no damage.
Unknown command.
You hit the adder.
The adder seems to slow down.
You freeze the adder.
The adder is almost dead.
You hit the phantom but do no damage.
You feel sick.
The phantom hits you but does no damage.
The adder bites you but does no damage.
Unknown command.
You closely miss the adder.
The adder is almost dead.
You hit the phantom.
You feel sick.
You are no longer poisoned.
The phantom hits you.
* * * LOW HITPOINT WARNING * * *
The adder bites you but does no damage. The phantom hits you.
* * * LOW HITPOINT WARNING * * *
Unknown command.
You barely miss the adder.
The adder is almost dead.
You miss the phantom. The phantom hits you.
You die...

#............#
#######......#
#......+
#......#
#......#
+......#
#......#
##+###......#
#...♣S..#+###
#..).W..#
#.......#
#.......#
#########


You could see a phantom and an adder (slow).

Vanquished Creatures
  An orc wizard (D:3)
  A gnoll (D:1)
  6 adders
  A worm (D:1)
  A dart slug (D:2)
  4 orcs
  4 endoplasms
  4 giant cockroaches
  4 goblins
  4 hobgoblins
  2 kobolds
  A quokka (D:1)
  A ball python (D:2)
  4 bats
  3 frilled lizards
  5 rats (D:1)
46 creatures vanquished.

Vanquished Creatures (collateral kills)
  A hobgoblin (D:1)
  A kobold (D:2)
  3 ball pythons (D:2)
5 creatures vanquished.

Vanquished Creatures (others)
  A kobold (D:1)
  13 plants (D:3)
14 creatures vanquished.

Grand Total: 65 creatures vanquished

Notes
Turn   | Place    | Note
-------+----------+-------------------------------------------
     0 | D:1      | pkoi the Demigod Artificer began the quest for the Orb.
     0 | D:1      | Reached XP level 1. HP: 15/15 MP: 3/3
   205 | D:1      | Noticed a great orb of eyes
   332 | D:1      | Noticed an eye of devastation
   352 | D:1      | Reached skill level 3 in Evocations
   551 | D:1      | Noticed a floating eye
   551 | D:1      | Noticed a great orb of eyes
   963 | D:1      | Reached XP level 2. HP: 22/22 MP: 4/4
  1313 | D:1      | Reached skill level 1 in Unarmed Combat
  1378 | D:1      | Gained mutation: Your muscles are strong. (Str +2) [potion
                  | of mutation]
  2035 | D:2      | Reached XP level 3. HP: 19/27 MP: 5/5
  2627 | D:2      | Reached skill level 4 in Evocations
  2851 | D:2      | Reached XP level 4. HP: 34/34 MP: 6/6
  4012 | D:3      | You fall into a shaft and drop 2 floors!
  4012 | D:5      | Entered Level 5 of the Dungeon
  4012 | D:5      | Noticed a phantom
  4063 | D:5      | Slain by a phantom

Illustrated notes

Levels and vault maps discovered:
D:1:      lemuel_arrival_hallway, layout_loops_ring,
          hellmonk_ecumenical_altar_watching_god, minmay_misc_feat_room
D:2:      minmay_spotlight, layout_basic, basic_altar
D:3:      layout_basic, nicolae_elyvilon_temple_path, general_overflow_altar,
          chequers_serial_rivers_micro_a, serial_park_tiny_1,
          serial_bayou_lagoon_a
D:5:      layout_gridville, mainiacjoe_overflow_paths,
          minmay_temple_entry_glass, kennysheep_cross_bottleneck

Skill      XL: |  1  2  3  4 |
---------------+-------------+-----
Evocations     | 3 4 |  4.5
Unarmed Combat | 1 2 |  2.2
Fighting       | |  0.8
Armour         | |  1.7
Dodging        | |  0.8
Stealth        | |  0.8

Action                   |  1- 3 |  4- 6 || total
-------------------------+-------+-------++-------
Melee: Club              |   131 |       ||   131
       Dagger            |       |    32 ||    32
       Hand axe          |       |    16 ||    16
       Unarmed           |       |     1 ||     1
 Fire: Hunting sling     |       |    22 ||    22
Evoke: Wand              |    22 |       ||    22
       Piece from Xom's  |     1 |     1 ||     2
  Use: Scroll            |     5 |     2 ||     7
       Potion            |     2 |     2 ||     4
 Stab: Sleeping          |     2 |       ||     2
Armor: Leather armour    |    59 |    18 ||    77
       Skin              |       |     8 ||     8
Dodge: Dodged            |   105 |    20 ||   125
